 Dungeon Crawl Stone Soup version 0.29-a0-350-g7790a0e70a (webtiles) character file.

Game seed: 5541516866801963644

485 HendSelp the Insei (level 7, -6/43 HPs)
             Began as an Octopode Transmuter on Apr 22, 2022.
             Was an Initiate of Gozag.
             Mangled by a wraith (13 damage)
             ... in an ossuary.
             The game lasted 00:06:16 (3227 turns).

HendSelp the Insei (Octopode Transmuter)            Turns: 3227, Time: 00:06:17

Health: -6/43      AC:  1    Str: 11    XL:     7   Next: 13%
Magic:  11/12      EV: 14    Int: 15    God:    Gozag
Gold:   267        SH:  0    Dex: 13    Spells: 7/13 levels left

rFire   . . .      SeeInvis .     - Unarmed
rCold   . . .      Faith    .   (no shield)
rNeg    . . .      Spirit   .   (helmet currently unavailable)
rPois   .          Reflect  .   c - amulet of regeneration
rElec   .          Harm     .   (no ring)
rCorr   .          Rampage  .   (no ring)
Will    .....                   (no ring)
Stlth   ++........              (no ring)
HPRegen 0.94/turn               (no ring)
MPRegen 0.13/turn               (no ring)
                                (no ring)
                                (no ring)

@: appendages (expiring), wereblooded, slowed, very slow
A: tentacle spike 3, almost no armour, amphibious, 8 rings, camouflage 1,
gelatinous body 1, (nimble swimmer 1), tentacles
a: End Transformation, Renounce Religion, Potion Petition, Call Merchant, Bribe
Branch


You were in an ossuary.
You worshipped Gozag.
Gozag was aware of your devotion.
One of your tentacles had grown a beastly spike.
You visited 1 branch of the dungeon, and saw 4 of its levels.
You also visited: Ossuary.

You collected 312 gold pieces.
You paid 45 gold pieces to Gozag.

Inventory:

Armour
 i - a +1 hat (melded)
Jewellery
 c - an amulet of regeneration (around mantle)
Wands
 k - a wand of flame (22)
 o - a wand of mindburst (10)
 q - a wand of acid (10)
Scrolls
 b - 4 scrolls of identify
 e - a scroll of blinking
 f - 5 scrolls of teleportation
 g - a scroll of immolation
 l - a scroll of amnesia
 m - 3 scrolls of fog
Potions
 d - a potion of mutation
 h - 5 potions of curing
 j - a potion of ambrosia
 p - a potion of brilliance


   Skills:
 + Level 1.5 Fighting
 + Level 3.3 Dodging
 + Level 5.5 Unarmed Combat
 + Level 3.5 Spellcasting
 + Level 3.6 Transmutations


You had 7 spell levels left.
You knew the following spells:

 Your Spells              Type           Power      Damage    Failure   Level
a - Beastly Appendage     Tmut           26%        N/A       4%          1
b - Wereblood             Tmut           13%        N/A       6%          2
c - Spider Form           Tmut/Pois      8%         N/A       26%         3

Your spell library contained the following spells:

 Spells                   Type           Power      Damage    Failure   Level
 Ice Form                 Ice/Tmut       8%         N/A       65%         4


Dungeon Overview and Level Annotations

Branches:
Dungeon (4/15)            Ossuary (1/1)
 Temple: D:4-7

Altars:
Gozag
Vehumet

Shops:
D:1 ?   D:3 :


Innate Abilities, Weirdness & Mutations

One of your tentacles has grown a beastly spike.
You cannot wear most types of armour.
You are amphibious.
You can wear up to eight rings at the same time.
Your skin changes colour to match your surroundings (Stealth+).
Your rubbery body absorbs attacks. (AC +1, EV +1)
((You are camouflaged when in or above water. (Stealth+)))
You have tentacles for arms and can constrict up to eight enemies at once.


Message History

The wraith is lightly damaged.
The wraith closely misses you. The wraith misses you.
Unknown command.
You barely miss the wraith.
You squeeze the wraith, but do no damage.
The wraith is lightly damaged.
The wraith completely misses you.
Unknown command.
You tentacle-slap the wraith but do no damage.
You pierce the wraith, but do no damage.
Your squeeze misses the wraith.
The wraith is lightly damaged.
The wraith closely misses you.
Unknown command.
You barely miss the wraith.
Your tentacle spike misses the wraith.
Your squeeze misses the wraith.
The wraith is lightly damaged.
Your transformation is almost over.
The wraith barely misses you. The wraith hits you.
The wraith drains your vigour!
You feel as though you will be slow longer.
Aiming: Corrosive Bolt
Press: ? - help, Shift-Dir - straight line, f - wraith
Aim: a wraith (lightly damaged, 71% to hit)
The bolt of acid hits the wraith!
The wraith is moderately damaged.
The wraith hits you!
Unknown command.
Aiming: Corrosive Bolt
Press: ? - help, Shift-Dir - straight line, f/p - wraith
Aim: a wraith (moderately damaged, 71% to hit)
The bolt of acid hits the wraith.
The acid corrodes the wraith!
The wraith is moderately damaged.
The wraith hits you!
* * * LOW HITPOINT WARNING * * *
The wraith drains your vigour!
You feel as though you will be slow longer.
The wraith hits you!
You die...
Your body crumbles into a pile of gold.

######## ### #.###..###..###.#
##.....# #z# #...............#
##.8.8.#####▓###.###.......###.#
.'.......'.....'.#z#.......#z#.#
##.8.8.#####▓###.###.......###.#
##.....# #W# #...............#
######## ### #.###..###..###.#
#.#.#..#z#..#.#.#
#@W##..###..##).#
#...............#
#################


You could see a wraith (corroded).

Vanquished Creatures
  A wraith (Ossuary)
  A scorpion (D:3)
  2 wights (Ossuary)
  A hound (D:3)
  Jessica (D:3)
  4 gnolls (D:3)
  An adder (D:2)
  An adder zombie (Ossuary)
  2 worms
  An orc (D:3)
  8 ball pythons
  4 bats
  5 endoplasms
  A giant cockroach (D:2)
  5 goblins
  5 hobgoblins
  7 kobolds
  2 quokkas
  2 ball python skeletons (Ossuary)
  2 frilled lizards (D:1)
  A hobgoblin skeleton (Ossuary)
  6 kobold zombies (Ossuary)
  8 rats
71 creatures vanquished.

Notes
Turn   | Place    | Note
-------+----------+-------------------------------------------
     0 | D:1      | HendSelp the Octopode Transmuter began the quest for the
                  | Orb.
     0 | D:1      | Reached XP level 1. HP: 13/13 MP: 3/3
   120 | D:1      | Found Jumi's Magic Scroll Shop.
   186 | D:1      | Found a faded altar of an unknown god.
   193 | D:1      | Reached XP level 2. HP: 18/18 MP: 3/5
   918 | D:1      | Learned a level 2 spell: Wereblood
  1044 | D:2      | Reached XP level 3. HP: 23/23 MP: 2/6
  1719 | D:3      | Reached skill level 4 in Unarmed Combat
  1719 | D:3      | Reached XP level 4. HP: 28/28 MP: 5/7
  1749 | D:3      | Found a radiant altar of Vehumet.
  1851 | D:3      | Reached XP level 5. HP: 33/33 MP: 5/9
  1907 | D:3      | Found an opulent altar of Gozag.
  1982 | D:3      | Became a worshipper of Gozag Ym Sagoz the Greedy
  2176 | D:3      | Noticed Jessica
  2183 | D:3      | Killed Jessica
  2232 | D:3      | Found Dempu's Book Shoppe.
  2619 | D:4      | Reached XP level 6. HP: 38/38 MP: 7/10
  2625 | D:4      | Found a sand-covered staircase.
  2638 | Ossuary  | Entered an ossuary
  2925 | Ossuary  | Noticed a flying skull
  2925 | Ossuary  | Noticed a wraith
  2932 | Ossuary  | Noticed a flying skull
  2938 | Ossuary  | Noticed a flying skull
  2964 | Ossuary  | Noticed a flying skull
  2972 | Ossuary  | Noticed a flying skull
  2978 | Ossuary  | Reached skill level 5 in Unarmed Combat
  3154 | Ossuary  | Learned a level 3 spell: Spider Form
  3166 | Ossuary  | Noticed a wraith
  3183 | Ossuary  | Killed a wraith
  3184 | Ossuary  | Reached XP level 7. HP: 43/43 MP: 12/12
  3215 | Ossuary  | Noticed a wraith
  3227 | Ossuary  | Mangled by a wraith

Illustrated notes

Levels and vault maps discovered:
D:1:      amcnicky_arrival_feature_with_door, layout_basic,
          shapermc_ecumenical_altar_notcrosses, serial_shops,
          nicolae_shop_statue_plus
D:2:      layout_basic, kennysheep_generic_room_13
D:3:      layout_basic, mainiacjoe_overflow_alcove_4, vehumet_altar_wand_db,
          serial_shops, nicolae_shop_advertising_works
          [nicolae_subvault_shop_adworks], serial_bayou_pond_c, uniq_jessica
D:4:      layout_basic, fedhas_altar_fruit_tree, nicolae_ossuary_entry_ruins,
          st_stairs_11, lexackson_kobold_supper
Ossuary:  ossuary_due_cavern

Skill      XL: |  1  2  3  4  5  6 |
---------------+-------------------+-----
Unarmed Combat | 4 5 |  5.5
Transmutations | 3 |  3.6
Spellcasting   | 3 |  3.5
Dodging        | 3 |  3.3
Fighting       | |  1.5

Action                   |  1- 3 |  4- 6 |  7- 9 || total
-------------------------+-------+-------+-------++-------
Melee: Unarmed           |    72 |    94 |     8 ||   174
       Constrict         |    14 |    26 |       ||    40
       Kick              |     2 |       |     2 ||     4
       Tentacles         |    13 |    17 |     2 ||    32
       Punch             |       |     4 |       ||     4
 Cast: Beastly Appendage |    10 |       |     1 ||    11
       Wereblood         |     7 |    10 |     1 ||    18
Evoke: Wand              |       |     2 |     2 ||     4
  Use: Scroll            |     8 |     8 |       ||    16
       Potion            |       |     4 |       ||     4
 Stab: Sleeping          |     6 |     4 |       ||    10
       Distracted        |     1 |       |       ||     1
Armor: Skin              |     6 |    29 |       ||    35
Dodge: Dodged            |    44 |    49 |     9 ||   102

Table legend: (Time is in decaauts)
 A = Elapsed time spent in this place.
 B = Non-inter-level travel time spent in this place.
 C = Inter-level travel time spent in this place.
 D = Time resting spent in this place.
 E = Time spent auto-exploring this place.
 F = Levels seen in this place.
 G = Mean time per level.
                   A        B        C        D        E       F      G
               +--------+--------+--------+--------+--------+-----+--------+
         Total |   3216 |   3020 |    196 |    277 |   2066 |   5 |  643.2 |
       Dungeon |   2628 |   2432 |    196 |      3 |   1862 |   4 |  657.0 |
       Ossuary |    588 |    588 |      0 |    274 |    204 |   1 |  588.0 |
               +--------+--------+--------+--------+--------+-----+--------+

Top non-repeatable levels by time:
     D:1: 1024 daAuts
     D:3: 690 daAuts
     D:2: 649 daAuts
 Ossuary: 588 daAuts
     D:4: 264 daAuts
